Map: Phantom Mode

Players

Zeroblue

  • Race: Terran Terran
  • Spawn Location: 7:00

Ratimus

  • Race: Protoss Protoss
  • Spawn Location: 1:00

JoySynthetic

  • Race: Protoss Protoss
  • League: Diamond
  • Spawn Location: 5:00

UCantWinMeOK

  • Race: Protoss Protoss
  • League: Diamond
  • Spawn Location: 7:00

RodOfNOD

  • Race: Protoss Protoss
  • Spawn Location: 9:00

oOo

  • Race: Zerg Zerg
  • League: Diamond
  • Spawn Location: 3:00

Verdm

  • Race: Terran Terran
  • Spawn Location: 5:00

Odin

  • Race: Protoss Protoss
  • Spawn Location: 11:00

VOD

Have the link to the VOD?

Description

Time

  • Played on: June 28, 2016, 1:45 p.m.
  • Length: 20:58
Show
View Real Time Build Order
Export as new Build Order

Zeroblue Terran 

Build Orders: Command Center First (CC), MMM Bio 

Get SALT Encoding   

  13  0:35  SCV  
  13  0:37  Supply Depot  
  13  0:47  SCV  
  14  0:59  SCV  
  15  1:11  Engineering Bay x2  
  15  1:12  SCV  
  16  1:18  Command Center  
  16  1:24  SCV  
  17  1:26  Barracks  
  17  1:32  Command Center  
  17  1:36  SCV  
  17  1:39  Terran Infantry Weapons Level 1, Terran Infantry Armor Level 1  
  18  1:48  SCV  
  19  2:00  SCV  
  20  2:12  SCV  
  21  2:24  SCV  
  22  2:36  SCV  
  23  2:46  Factory  
  23  2:47  Refinery x2, SCV x2  
  23  2:48  SCV  
  26  2:59  SCV x2  
  26  3:00  SCV  
  29  3:11  SCV x2  
  31  3:13  SCV  
  31  3:18  Barracks Tech Lab  
  32  3:23  SCV x2  
  32  3:25  SCV  
  35  3:30  Refinery  
  35  3:32  Refinery  
  35  3:35  SCV x2  
  35  3:37  SCV  
  38  3:47  SCV  
  38  3:48  SCV  
  40  3:51  Stimpack  
  41  4:01  Orbital Command x2  
  41  4:02  Orbital Command  
  40  4:06  Marine  
  41  4:13  Supply Depot  
  41  4:20  Armory  
  41  4:24  Marine  
  41  4:27  Factory Tech Lab  
  42  4:36  Supply Depot  
  42  4:37  Barracks  
  42  4:38  Barracks  
  42  4:40  Barracks  
  42  4:42  Factory  
  42  4:47  Starport  
  42  4:52  SCV x2, Starport  
  44  4:56  Marine  
  44  4:58  SCV  
  46  5:04  SCV  
  46  5:06  Barracks x2  
  47  5:07  Barracks  
  47  5:08  Barracks  
  47  5:10  Terran Infantry Weapons Level 2, Terran Vehicle Weapons Level 1  
  47  5:12  Siege Tank  
  50  5:25  Starport Reactor  
  50  5:30  Starport Reactor, Supply Depot  
  50  5:33  Barracks Reactor x3  
  50  5:34  Marine  
  51  5:36  Factory Tech Lab  
  51  5:43  Supply Depot  
  51  5:44  Siege Tank  
  51  5:45  Supply Depot x2  
  54  5:51  Terran Infantry Armor Level 2  
  54  5:52  Combat Shields  
  54  5:55  Barracks Reactor x4  
  54  5:56  Marine  
  55  6:02  Medivac x2  
  59  6:07  Supply Depot  
  59  6:08  Supply Depot x2  
  59  6:11  Marine x6  
  60  6:13  Siege Tank, Medivac x2  
  60  6:14  Marine  
  60  6:16  Siege Tank  
  76  6:28  Marine  
  76  6:29  Marine x2  
  76  6:30  Supply Depot x2  
  76  6:32  Marine x10  
  89  6:33  Marine x2  
  89  6:39  Medivac  
  93  6:40  Medivac  
  93  6:44  Medivac  
  93  6:45  Siege Tank, Medivac  
  93  6:46  Marine x3  
  103  6:49  Marine  
  103  6:51  Marauder  
  103  6:52  Supply Depot  
  108  6:54  Supply Depot  
  108  6:56  Siege Tank  
  108  6:58  Marine  
  108  6:59  Marine  
  113  7:11  Concussive Shells  
  113  7:13  Marauder  
  115  7:19  Marine x3  
  115  7:20  Marine x8  
  126  7:24  Marine x2  
  128  7:34  Marauder  
  130  7:45  Medivac x2  
  130  7:46  Medivac x2  
  138  7:55  Marauder  
  140  8:03  Terran Infantry Weapons Level 3, Terran Vehicle Weapons Level 2  
  140  8:08  Supply Depot  
  140  8:15  Medivac x2  
  140  8:16  Medivac x2  
  140  8:17  Terran Infantry Armor Level 3, Marauder  
  150  8:44  Marine  
  150  8:45  Marine x9  
  150  8:46  Marauder  
  162  9:06  Medivac  
  164  10:06  Supply Depot x2  
  164  10:09  Supply Depot  
  164  10:13  Supply Depot  
  164  10:27  Medivac x3  
  164  10:28  Marauder  
  172  11:07  Marine x15  
  172  11:09  Siege Tank x2  
  191  11:24  Marine  
  191  11:25  Marine  
  193  11:26  Marauder  
  195  11:36  Marine x2  
  197  11:46  Supply Depot  
  197  11:47  Marine  
  197  11:49  Marauder  
  191  11:57  Marine x5  
  194  12:03  Marine x4  
  194  12:05  Marine  
  197  12:11  Marauder  
  197  12:15  Marine x3  
  188  12:30  Marine x5  
  188  12:32  Marine  
  188  12:33  Marine x4  
  119  16:16  Orbital Command  
  119  16:19  Orbital Command  
  119  16:20  Orbital Command  
  119  17:21  SCV x3  
  122  17:33  SCV x3  
  125  17:38  Supply Depot  
  125  17:40  Supply Depot  
  125  17:42  Supply Depot  
  125  17:59  SCV x3  
  125  18:03  Supply Depot  
  125  18:04  Supply Depot  
  128  18:06  Supply Depot  
  128  18:11  SCV x3  
  131  18:23  SCV x3  
  134  18:27  Supply Depot  
  134  18:35  SCV x3  
  137  18:53  SCV x2, Supply Depot  
  139  18:56  Orbital Command  
  139  18:58  Refinery x2  
  139  19:17  Supply Depot  
  139  19:36  SCV x3  
  142  19:39  Supply Depot  
  142  19:48  SCV x3  
  145  20:00  SCV x3  
  145  20:02  Supply Depot  
  148  20:12  SCV  
  148  20:13  SCV x2  
  149  20:24  SCV, Supply Depot  
  149  20:25  SCV x2  
Show
View Real Time Build Order
Export as new Build Order

Ratimus Protoss 

Build Orders: Double Forge, Nexus First 

Get SALT Encoding   

  12  0:35  Probe (Chrono Boost)  
  13  0:45  Probe (Chrono Boost)  
  13  0:48  Pylon  
  14  0:51  Assimilator  
  14  0:56  Probe (Chrono Boost)  
  15  0:57  Assimilator  
  15  1:02  Nexus  
  15  1:05  Pylon  
  15  1:06  Probe (Chrono Boost)  
  15  1:10  Forge  
  16  1:11  Forge  
  16  1:13  Gateway  
  16  1:17  Probe (Chrono Boost)  
  17  1:27  Probe (Chrono Boost)  
  18  1:38  Probe (Chrono Boost)  
  19  1:42  Gateway  
  19  1:48  Probe (Chrono Boost)  
  20  1:59  Probe (Chrono Boost)  
  21  2:04  Gateway  
  21  2:08  Gateway  
  21  2:10  Probe (Chrono Boost)  
  22  2:16  Probe (Chrono Boost)  
  23  2:24  Gateway  
  23  2:26  Probe (Chrono Boost)  
  24  2:32  Photon Cannon  
  24  2:43  Probe (Chrono Boost)  
  25  2:53  Probe (Chrono Boost)  
  25  2:58  Cybernetics Core  
  26  3:02  Pylon  
  26  3:04  Probe (Chrono Boost)  
  27  3:10  Protoss Ground Weapons Level 1  
  27  3:13  Protoss Ground Armor Level 1  
  27  3:15  Probe (Chrono Boost)  
  28  3:25  Probe (Chrono Boost)  
  28  3:27  Warp Gate  
  29  3:35  Stargate  
  29  3:36  Probe (Chrono Boost)  
  29  3:38  Robotics Facility  
  30  3:46  Probe (Chrono Boost)  
  33  3:51  Mothership Core (Chrono Boost)  
  33  3:56  Pylon  
  33  3:57  Probe (Chrono Boost)  
  34  4:07  Probe (Chrono Boost)  
  35  4:13  Pylon  
  35  4:18  Probe (Chrono Boost)  
  36  4:28  Probe (Chrono Boost)  
  36  4:35  Observer  
  37  4:39  Probe (Chrono Boost)  
  38  4:49  Probe (Chrono Boost)  
  39  4:57  Observer  
  40  5:00  Probe (Chrono Boost)  
  40  5:01  Pylon  
  40  5:04  Protoss Shields Level 1  
  40  5:06  Protoss Air Weapons Level 1  
  41  5:08  Pylon  
  41  5:10  Probe (Chrono Boost)  
  42  5:20  Twilight Council  
  42  5:25  Twilight Council, Pylon  
  42  5:29  Pylon  
  42  5:59  Robotics Bay  
  42  6:02  Photon Cannon  
  42  6:04  Dark Shrine  
  42  6:06  Templar Archives  
  42  6:13  Fleet Beacon  
  42  6:16  Probe (Chrono Boost)  
  43  6:20  Assimilator  
  43  6:22  Assimilator  
  43  6:27  Probe (Chrono Boost)  
  44  6:37  Probe (Chrono Boost)  
  44  6:38  Sentry x2  
  49  6:40  Adept  
  49  6:41  Adept x2  
  49  6:42  Psionic Storm  
  55  6:48  Probe (Chrono Boost)  
  56  6:58  Probe (Chrono Boost)  
  57  7:17  Protoss Ground Weapons Level 2  
  57  7:29  Dark Templar  
  59  7:52  Probe (Chrono Boost)  
  60  8:42  Dark Templar x5  
  70  9:00  Observer Gravitic Boosters  
  70  9:07  Protoss Ground Armor Level 2  
  70  9:29  Dark Templar x2  
  74  9:31  Zealot  
  74  9:32  Zealot x2  
  80  9:41  Gateway  
  80  9:43  Gateway  
  80  9:46  Gateway  
  80  9:50  Gateway  
  80  9:51  Gateway x2  
  80  9:54  Gateway  
  80  9:57  Gateway  
  80  9:59  Gateway  
  80  10:19  Zealot x2  
  80  10:20  Zealot x3  
  90  10:28  Protoss Ground Weapons Level 3  
  90  10:44  Warp Prism  
  92  10:51  Dark Templar x5  
  102  11:26  Pylon  
  102  11:28  Pylon x2  
  102  11:30  Pylon  
  102  11:32  Pylon  
  102  11:33  Pylon x2  
  102  11:35  Pylon  
  102  11:36  Pylon  
  102  11:38  Pylon  
  102  11:39  Pylon  
  102  11:40  Pylon  
  102  11:56  Dark Templar x3  
  102  11:57  Dark Templar x3  
  114  12:02  Zealot x2  
  114  12:03  Zealot x6  
  99  12:27  Dark Templar x3  
  66  12:31  Zealot x2  
  66  12:32  Zealot x7  
  66  12:33  Zealot  
Show
View Real Time Build Order
Export as new Build Order

JoySynthetic Protoss 

Build Orders: Double Forge, Nexus First 

Get SALT Encoding   

  12  0:33  Probe (Chrono Boost)  
  13  0:44  Probe (Chrono Boost), Pylon  
  13  0:48  Nexus  
  14  0:54  Probe (Chrono Boost)  
  15  1:05  Probe (Chrono Boost)  
  16  1:15  Probe (Chrono Boost)  
  17  1:26  Probe (Chrono Boost)  
  17  1:27  Assimilator  
  17  1:30  Gateway  
  17  1:31  Assimilator  
  18  1:36  Probe (Chrono Boost)  
  18  1:39  Nexus  
  19  1:42  Pylon  
  19  1:47  Probe (Chrono Boost)  
  20  1:58  Probe (Chrono Boost)  
  20  2:01  Probe (Chrono Boost)  
  23  2:08  Probe (Chrono Boost)  
  23  2:09  Forge  
  23  2:11  Probe (Chrono Boost)  
  23  2:12  Forge  
  24  2:19  Probe (Chrono Boost)  
  25  2:23  Probe (Chrono Boost)  
  25  2:29  Probe (Chrono Boost)  
  27  2:32  Cybernetics Core  
  27  2:34  Probe (Chrono Boost)  
  28  2:40  Probe (Chrono Boost)  
  29  2:44  Probe (Chrono Boost)  
  29  2:50  Probe (Chrono Boost)  
  31  2:54  Probe (Chrono Boost)  
  31  2:55  Probe (Chrono Boost)  
  33  3:01  Probe (Chrono Boost)  
  33  3:05  Probe x2 (Chrono Boost)  
  36  3:09  Warp Gate  
  36  3:10  Protoss Ground Weapons Level 1, Protoss Ground Armor Level 1  
  36  3:14  Probe (Chrono Boost)  
  36  3:15  Probe (Chrono Boost)  
  38  3:23  Probe (Chrono Boost)  
  38  3:26  Probe (Chrono Boost)  
  40  3:27  Robotics Facility  
  40  3:34  Probe (Chrono Boost)  
  41  3:37  Assimilator  
  41  3:39  Probe (Chrono Boost)  
  41  3:40  Probe (Chrono Boost), Assimilator  
  43  3:44  Probe (Chrono Boost)  
  43  3:48  Pylon  
  44  3:49  Probe (Chrono Boost)  
  44  3:51  Probe (Chrono Boost)  
  47  3:55  Probe (Chrono Boost)  
  47  4:01  Probe (Chrono Boost)  
  48  4:12  Probe (Chrono Boost)  
  50  4:17  Observer  
  50  4:22  Probe (Chrono Boost)  
  51  4:26  Stargate  
  51  4:30  Pylon  
  51  4:32  Pylon  
  51  4:36  Pylon  
  51  4:39  Pylon  
  51  4:42  Pylon  
  51  4:47  Pylon  
  51  4:51  Pylon  
  51  4:52  Observer  
  52  4:55  Pylon  
  52  4:58  Pylon  
  52  5:03  Pylon  
  52  5:05  Robotics Bay  
  52  5:08  Pylon  
  52  5:09  Twilight Council  
  52  5:12  Pylon  
  52  5:15  Protoss Shields Level 1  
  52  5:17  Protoss Air Weapons Level 1  
  52  5:19  Forge  
  52  5:21  Pylon  
  52  5:24  Cybernetics Core  
  52  5:25  Pylon  
  52  5:29  Pylon  
  52  5:32  Robotics Facility  
  52  5:34  Robotics Facility  
  52  5:36  Robotics Facility  
  52  5:47  Robotics Facility  
  52  5:48  Pylon  
  52  5:52  Pylon  
  52  5:57  Protoss Ground Weapons Level 2  
  52  5:59  Protoss Ground Armor Level 2  
  52  6:00  Protoss Air Armor Level 1  
  52  6:12  Observer Gravitic Boosters  
  52  6:17  Pylon  
  52  6:18  Robotics Facility  
  52  6:22  Robotics Facility  
  52  6:25  Robotics Facility  
  52  6:36  Blink  
  52  7:09  Gravitic Drive  
  52  7:10  Gateway  
  52  7:12  Gateway  
  52  7:13  Gateway x2  
  52  7:20  Pylon  
  52  7:23  Pylon  
  52  7:28  Gateway x2  
  52  7:32  Protoss Shields Level 2  
  52  7:40  Gateway  
  52  7:46  Fleet Beacon  
  52  7:57  Immortal x3  
  52  7:58  Immortal  
  68  8:27  Dark Shrine  
  68  8:37  Resonating Glaives  
  68  8:43  Protoss Ground Weapons Level 3  
  68  8:44  Protoss Ground Armor Level 3  
  68  9:10  Anion Pulse-Crystals  
  68  9:11  Extended Thermal Lance  
  68  9:34  Zealot x7  
  68  9:35  Zealot  
  84  9:39  Immortal  
  84  9:40  Immortal  
  84  9:41  Immortal  
  96  10:14  Graviton Catapult  
  96  10:17  Charge  
  96  10:22  Protoss Shields Level 3  
  96  10:50  Colossus x2  
  108  11:08  Colossus  
  114  11:21  Colossus  
  120  11:43  Colossus  
  126  12:00  Colossus  
  132  12:19  Colossus  
  138  12:32  Zealot x7  
  138  12:33  Zealot  
  138  12:36  Colossus  
  160  12:58  Stalker x5  
  160  13:03  Stalker  
  168  13:12  Stalker x2  
  148  13:22  Stalker x3  
  154  13:32  Stalker x2  
  158  13:42  Gateway  
  158  13:45  Gateway, Stalker x3  
  158  13:46  Gateway  
  164  13:48  Gateway  
  164  13:52  Photon Cannon  
  164  13:54  Photon Cannon  
  164  13:55  Photon Cannon  
  164  13:57  Photon Cannon  
  164  13:59  Photon Cannon  
  164  14:01  Photon Cannon  
  164  14:02  Stalker x3  
  170  14:03  Photon Cannon  
  170  14:12  Stalker  
  170  14:13  Stalker  
  170  14:14  Zealot x3  
  180  14:28  Stalker x3  
  186  14:50  Colossus  
  192  15:22  Nexus  
  192  16:07  Assimilator  
  192  16:09  Assimilator  
  192  16:28  Probe (Chrono Boost)  
  192  16:29  Probe x2 (Chrono Boost)  
  193  17:14  Stalker x2  
  193  17:15  Stalker  
  151  18:03  Pylon  
  150  18:12  Pylon  
  150  18:17  Pylon  
  28  19:06  Nexus  
  28  19:08  Nexus  
  28  19:14  Pylon  
  28  19:16  Pylon  
  28  19:18  Pylon  
  28  19:28  Assimilator  
  28  19:29  Probe (Chrono Boost)  
  29  19:35  Assimilator  
  29  19:40  Probe (Chrono Boost), Nexus  
  29  19:45  Gateway  
  24  19:47  Gateway  
  24  19:49  Robotics Bay, Gateway  
  24  19:50  Probe (Chrono Boost)  
  24  19:51  Gateway  
  25  19:53  Forge, Gateway  
  25  20:01  Probe (Chrono Boost)  
  26  20:11  Probe (Chrono Boost)  
  26  20:12  Pylon  
  27  20:14  Pylon  
  27  20:16  Pylon  
  26  20:28  Probe (Chrono Boost)  
  13  20:38  Probe (Chrono Boost)  
  14  20:43  Probe (Chrono Boost)  
Show
View Real Time Build Order
Export as new Build Order

UCantWinMeOK Protoss 

Build Orders: Double Forge 

Get SALT Encoding   

  12  0:36  Probe (Chrono Boost)  
  13  0:46  Probe (Chrono Boost)  
  14  0:52  Pylon  
  14  0:56  Pylon  
  14  0:57  Probe (Chrono Boost)  
  15  1:15  Gateway  
  15  1:20  Assimilator  
  15  1:27  Assimilator  
  15  1:43  Pylon  
  15  1:52  Probe (Chrono Boost)  
  16  2:02  Probe (Chrono Boost)  
  16  2:03  Nexus  
  17  2:08  Forge  
  17  2:10  Forge  
  17  2:12  Forge  
  17  2:19  Probe (Chrono Boost)  
  19  2:30  Probe (Chrono Boost)  
  18  2:40  Probe (Chrono Boost)  
  19  2:51  Probe (Chrono Boost)  
  20  3:01  Probe (Chrono Boost)  
  20  3:04  Cybernetics Core, Pylon  
  21  3:12  Probe (Chrono Boost)  
  22  3:22  Photon Cannon  
  21  3:28  Probe (Chrono Boost)  
  21  3:29  Probe (Chrono Boost)  
  23  3:38  Probe (Chrono Boost)  
  23  3:39  Probe (Chrono Boost)  
  25  3:50  Probe (Chrono Boost)  
  26  3:56  Stargate  
  26  4:00  Probe (Chrono Boost)  
  28  4:02  Probe (Chrono Boost)  
  28  4:11  Probe (Chrono Boost)  
  28  4:13  Probe (Chrono Boost)  
  30  4:22  Probe (Chrono Boost)  
  30  4:23  Probe (Chrono Boost)  
  32  4:32  Probe (Chrono Boost)  
  32  4:34  Probe (Chrono Boost)  
  34  4:39  Void Ray  
  34  4:41  Assimilator  
  34  4:43  Probe (Chrono Boost), Assimilator  
  39  4:53  Probe (Chrono Boost)  
  40  5:11  Probe (Chrono Boost)  
  40  5:13  Probe (Chrono Boost)  
  42  5:16  Void Ray  
  43  5:21  Probe (Chrono Boost)  
  47  5:37  Probe (Chrono Boost)  
  47  5:41  Protoss Shields Level 1, Protoss Ground Weapons Level 1  
  47  5:42  Protoss Ground Armor Level 1  
  48  5:44  Protoss Air Weapons Level 1  
  48  5:48  Cybernetics Core  
  48  5:49  Cybernetics Core  
  48  5:54  Stargate  
  48  5:55  Stargate  
  48  5:57  Stargate  
  48  5:59  Stargate  
  48  6:00  Stargate  
  48  6:17  Warp Gate  
  48  6:18  Nexus  
  49  6:25  Probe (Chrono Boost)  
  49  6:27  Probe (Chrono Boost)  
  49  6:30  Protoss Air Armor Level 1  
  50  6:44  Gateway  
  50  6:46  Gateway  
  50  6:50  Gateway  
  50  6:53  Gateway  
  50  6:55  Gateway  
  50  6:57  Gateway  
  50  6:59  Gateway  
  50  7:05  Probe (Chrono Boost)  
  51  7:08  Pylon  
  51  7:12  Pylon  
  51  7:16  Probe (Chrono Boost)  
  52  7:24  Robotics Facility  
  52  7:26  Robotics Facility  
  52  7:27  Robotics Facility  
  52  8:05  Probe (Chrono Boost)  
  53  8:16  Probe (Chrono Boost)  
  54  8:21  Assimilator  
  54  8:26  Probe (Chrono Boost), Assimilator  
  55  8:37  Probe (Chrono Boost)  
  56  8:46  Stargate  
  56  8:47  Probe (Chrono Boost), Stargate  
  57  8:49  Stargate  
  57  8:51  Stargate  
  57  8:52  Stargate  
  57  8:58  Probe (Chrono Boost)  
  58  9:07  Observer x3  
  61  9:13  Probe (Chrono Boost)  
  62  9:24  Probe (Chrono Boost)  
  63  9:28  Observer x2  
  63  9:29  Observer  
  66  9:34  Probe (Chrono Boost)  
  67  9:40  Robotics Bay  
  67  9:50  Fleet Beacon, Observer  
  68  9:54  Twilight Council  
  68  9:59  Pylon  
  68  10:09  Probe (Chrono Boost)  
  69  10:40  Observer Gravitic Boosters  
  69  11:42  Protoss Air Armor Level 2  
  69  11:43  Protoss Air Weapons Level 2  
  69  11:47  Graviton Catapult  
  69  11:57  Protoss Shields Level 2  
  69  12:34  Stargate  
  69  12:35  Stargate  
  69  12:36  Stargate  
  69  12:38  Stargate  
  69  12:51  Stargate  
  69  12:54  Stargate  
  69  13:06  Pylon  
  69  13:08  Pylon  
  69  13:12  Pylon  
  69  13:15  Pylon  
  69  13:22  Pylon  
  69  13:26  Pylon  
  69  13:28  Pylon  
  69  13:31  Carrier x4  
  69  13:32  Carrier x6  
  129  13:35  Pylon  
  129  13:40  Carrier x2  
  129  13:41  Pylon  
  141  13:43  Pylon, Carrier  
  141  13:45  Pylon  
  141  13:46  Carrier  
  153  13:50  Pylon  
  153  13:52  Pylon  
  153  13:54  Pylon  
  153  13:57  Pylon  
  153  14:00  Pylon  
  153  14:03  Pylon  
  153  14:05  Pylon  
  153  14:08  Pylon  
  153  14:10  Carrier x2  
  153  14:11  Pylon  
  165  14:19  Protoss Air Weapons Level 3  
  165  14:20  Protoss Air Armor Level 3  
  165  14:23  Protoss Shields Level 3  
  165  15:26  Void Ray x3  
  165  15:27  Void Ray x4  
  165  15:28  Void Ray x2  
  149  19:21  Nexus  
  143  19:44  Nexus  
  143  19:56  Pylon  
  143  19:59  Pylon  
  143  20:02  Pylon  
  143  20:04  Pylon  
  143  20:07  Pylon  
  143  20:10  Pylon  
  143  20:14  Pylon  
  143  20:17  Pylon  
  143  20:20  Pylon  
  143  20:29  Pylon  
Show
View Real Time Build Order
Export as new Build Order

RodOfNOD Protoss 

Build Orders: Nexus First 

Get SALT Encoding   

  12  0:36  Probe (Chrono Boost)  
  13  0:46  Probe (Chrono Boost)  
  14  0:55  Assimilator  
  15  0:57  Probe (Chrono Boost)  
  15  1:01  Assimilator  
  15  1:02  Nexus  
  15  1:05  Pylon  
  15  1:06  Pylon  
  15  1:09  Pylon  
  15  1:11  Assimilator, Pylon  
  15  1:13  Assimilator  
  15  1:23  Probe (Chrono Boost)  
  16  1:27  Pylon  
  16  1:30  Pylon  
  16  1:34  Probe (Chrono Boost)  
  16  1:37  Pylon  
  17  1:44  Probe (Chrono Boost), Pylon  
  18  1:55  Probe (Chrono Boost)  
  19  2:05  Probe (Chrono Boost)  
  20  2:15  Gateway  
  20  2:16  Probe (Chrono Boost)  
  21  2:24  Forge  
  21  2:26  Probe (Chrono Boost)  
  21  2:27  Probe (Chrono Boost)  
  24  2:37  Probe x2 (Chrono Boost)  
  25  2:48  Probe (Chrono Boost)  
  27  2:58  Probe (Chrono Boost)  
  27  3:09  Probe (Chrono Boost)  
  28  3:19  Probe (Chrono Boost)  
  29  3:30  Probe (Chrono Boost)  
  30  3:34  Protoss Shields Level 1  
  30  3:39  Cybernetics Core  
  30  3:40  Probe (Chrono Boost), Photon Cannon  
  31  3:44  Photon Cannon  
  31  3:46  Photon Cannon  
  31  3:51  Probe (Chrono Boost), Photon Cannon  
  32  4:06  Probe (Chrono Boost)  
  33  4:16  Probe (Chrono Boost)  
  34  4:17  Warp Gate  
  34  4:27  Probe (Chrono Boost), Twilight Council  
  35  4:37  Probe (Chrono Boost)  
  36  4:48  Probe (Chrono Boost)  
  36  4:51  Zealot  
  39  5:02  Pylon  
  39  5:03  Pylon  
  39  5:04  Pylon  
  39  5:13  Protoss Ground Armor Level 1  
  40  5:14  Probe (Chrono Boost)  
  40  5:18  Zealot  
  44  5:21  Mothership Core (Chrono Boost)  
  44  5:25  Probe (Chrono Boost)  
  45  5:29  Charge  
  45  5:31  Pylon  
  45  5:32  Pylon  
  45  5:35  Probe (Chrono Boost)  
  46  5:46  Zealot, Probe (Chrono Boost)  
  50  5:58  Probe (Chrono Boost)  
  50  6:10  Probe (Chrono Boost)  
  51  6:13  Zealot  
  53  6:20  Stargate  
  53  6:22  Probe (Chrono Boost)  
  54  6:27  Gateway  
  54  6:32  Gateway  
  54  6:34  Gateway  
  54  6:35  Gateway  
  54  6:37  Gateway  
  54  6:40  Zealot  
  54  6:46  Pylon  
  56  6:47  Pylon  
  56  6:49  Pylon  
  46  7:09  Fleet Beacon  
  22  7:45  Nexus  
  22  8:12  Nexus  
  21  8:39  Nexus  
Show
View Real Time Build Order
Export as new Build Order

oOo Zerg 

Build Orders: Hatch First 

Get SALT Encoding   

  12  0:36  Overlord, Drone  
  12  0:37  Drone  
  14  0:55  Drone  
  15  1:26  Overlord  
  15  1:27  Drone x2  
  17  1:36  Hatchery  
  16  1:41  Drone  
  16  1:44  Extractor  
  16  1:58  Drone  
  17  2:02  Extractor  
  17  2:08  Drone  
  17  2:19  Spawning Pool  
  17  2:21  Drone x2  
  18  2:47  Drone x2  
  18  2:51  Pneumatized Carapace  
  20  3:21  Drone x3  
  23  3:28  Drone x3  
  26  3:37  Evolution Chamber  
  25  3:58  Drone x3  
  25  3:59  Drone x2  
  30  4:03  Metabolic Boost  
  30  4:05  Zerg Missile Weapons Level 1  
  30  4:24  Roach Warren, Drone x2  
  31  5:05  Hatchery, Lair  
  30  5:09  Drone x3  
  30  5:13  Extractor  
  32  5:14  Extractor  
  32  5:17  Drone  
  32  5:18  Drone x2  
  34  5:39  Overlord  
  34  5:41  Overlord  
  34  5:42  Overlord  
  34  6:32  Zerg Missile Weapons Level 2, Burrow  
  34  6:36  Glial Reconstitution  
  34  6:49  Drone  
  34  6:50  Drone x8  
  43  7:16  Infestation Pit  
  42  7:24  Spire  
  41  7:54  Tunneling Claws, Zergling x4  
  41  7:55  Zergling x14  
  50  8:19  Hatchery  
  49  8:24  Hatchery  
  48  8:30  Hatchery  
  48  8:33  Hatchery  
  48  8:34  Drone x6  
  52  8:48  Zerg Melee Weapons Level 1  
  52  9:44  Zerg Flyer Weapons Level 1  
  52  9:52  Mutalisk  
  52  9:53  Mutalisk x14  
  82  10:28  Overlord x4  
  82  10:29  Overlord x3  
  82  11:02  Mutalisk  
  82  11:03  Mutalisk x13  
  82  11:04  Mutalisk x2  
  21  11:54  Hatchery  
  15  12:14  Hatchery  
  3  12:40  Hatchery  
  3  12:42  Hatchery  
  1  13:23  Drone x2  
  3  13:32  Drone  
  4  13:53  Drone  
  4  13:54  Drone  
  5  14:29  Drone  
  2  14:46  Hatchery  
  2  14:47  Drone x3  
  2  14:50  Drone x3  
  2  14:51  Hatchery  
Show
View Real Time Build Order
Export as new Build Order

Verdm Terran 

Build Orders:  

Get SALT Encoding   

  12  1:00  Refinery  
  12  1:07  Refinery  
  12  1:40  SCV  
  12  1:41  Command Center  
  13  1:50  Supply Depot  
  13  1:53  SCV  
  14  2:05  SCV  
  15  2:12  Supply Depot  
  15  2:17  SCV  
  16  2:35  Supply Depot  
  16  2:36  Engineering Bay  
  16  2:41  Barracks  
  16  3:06  Supply Depot  
  16  3:29  Supply Depot  
  16  3:37  Barracks Tech Lab  
  16  3:53  Supply Depot  
  16  4:01  Factory  
  16  4:12  SCV  
  17  4:20  SCV  
  17  4:24  SCV  
  19  4:29  Supply Depot  
  19  4:32  SCV  
  19  4:36  SCV  
  21  4:44  SCV  
  22  4:48  SCV  
  22  4:52  Supply Depot  
  23  4:56  SCV, Armory  
  24  5:00  SCV  
  25  5:08  SCV  
  25  5:12  SCV  
  27  5:15  Supply Depot  
  27  5:20  SCV  
  28  5:27  Reaper  
  29  5:33  SCV  
  30  5:38  Supply Depot  
  30  5:41  Factory Tech Lab  
  30  5:44  Armory  
  30  5:45  SCV  
  31  5:50  Supply Depot  
  31  5:57  SCV  
  31  6:00  Reaper  
  33  6:12  Supply Depot  
  33  6:32  Reaper  
  34  6:36  Supply Depot  
  34  6:52  Starport  
  34  6:56  SCV  
  34  6:58  Supply Depot  
  34  6:59  SCV  
  36  7:04  Reaper  
  37  7:08  SCV  
  37  7:11  SCV  
  39  7:20  Supply Depot  
  39  7:23  SCV  
  40  7:31  Starport  
  40  7:36  Reaper  
  41  8:06  Starport Tech Lab  
  41  8:10  Reaper  
  42  8:20  Terran Vehicle Weapons Level 1  
  42  8:25  Banshee  
  45  8:39  Starport Tech Lab  
  45  8:42  Reaper  
  46  9:08  Banshee  
  49  9:14  Reaper  
  50  9:27  Banshee  
  53  9:38  Supply Depot  
  53  9:51  Banshee  
  56  9:57  Starport  
  56  10:04  SCV  
  56  10:05  Supply Depot  
  57  10:07  SCV  
  57  10:09  Banshee  
  57  10:14  Terran Vehicle And Ship Armor Level 1  
  61  10:16  SCV  
  61  10:19  SCV  
  63  10:27  Supply Depot  
  63  10:31  SCV  
  63  10:33  Banshee  
  67  10:36  Fusion Core  
  69  10:46  Reaper  
  68  10:52  Banshee  
  71  10:57  Starport Tech Lab  
  71  11:01  Terran Vehicle Weapons Level 2  
  71  11:13  Terran Infantry Weapons Level 1  
  71  11:16  Banshee  
  71  11:18  Reaper  
  75  11:35  Banshee  
  78  11:49  Banshee  
  78  11:50  Reaper  
  82  11:59  Banshee  
  85  12:05  Siege Tank  
  85  12:08  Terran Ship Weapons Level 1  
  88  12:18  Banshee  
  88  12:22  Reaper  
  92  12:32  Banshee  
  98  12:37  Siege Tank  
  98  12:42  Banshee  
  101  12:47  SCV  
  102  12:54  Reaper  
  92  13:01  Banshee  
  95  13:09  Siege Tank  
  98  13:14  Banshee  
  95  13:25  Banshee  
  99  13:39  Marauder  
  99  13:41  Siege Tank  
  103  13:43  Banshee  
  106  13:55  Barracks  
  106  13:57  Banshee  
  106  14:00  Marauder  
  114  14:13  Siege Tank  
Show
View Real Time Build Order
Export as new Build Order

Odin Protoss 

Build Orders: Nexus First 

Get SALT Encoding   

  12  0:40  Pylon  
  12  0:46  Probe (Chrono Boost)  
  13  0:53  Assimilator  
  13  0:55  Assimilator  
  13  0:56  Probe (Chrono Boost)  
  14  0:58  Nexus  
  14  1:07  Probe (Chrono Boost), Gateway  
  15  1:18  Probe (Chrono Boost)  
  16  1:19  Pylon  
  16  1:28  Probe (Chrono Boost)  
  17  1:35  Assimilator  
  17  1:39  Probe (Chrono Boost)  
  18  1:49  Probe (Chrono Boost)  
  19  2:00  Probe (Chrono Boost)  
  20  2:01  Cybernetics Core  
  20  2:10  Probe (Chrono Boost)  
  20  2:13  Probe (Chrono Boost)  
  22  2:21  Probe (Chrono Boost)  
  23  2:24  Probe (Chrono Boost)  
  24  2:34  Probe (Chrono Boost)  
  26  2:39  Mothership Core (Chrono Boost)  
  26  2:43  Stargate x2  
  27  2:51  Stargate  
  27  2:53  Probe (Chrono Boost), Stargate  
  27  2:57  Probe (Chrono Boost)  
  29  3:04  Warp Gate  
  29  3:06  Probe (Chrono Boost)  
  29  3:07  Probe (Chrono Boost)  
  31  3:16  Probe (Chrono Boost)  
  31  3:18  Probe (Chrono Boost)  
  33  3:22  Assimilator  
  33  3:33  Void Ray  
  35  3:39  Void Ray  
  42  3:50  Probe (Chrono Boost)  
  42  3:52  Probe (Chrono Boost)  
  43  3:57  Pylon  
  43  4:02  Pylon  
  43  4:05  Probe (Chrono Boost)  
  43  4:08  Probe (Chrono Boost)  
  46  4:17  Probe (Chrono Boost)  
  46  4:20  Probe (Chrono Boost)  
  47  4:29  Probe (Chrono Boost)  
  48  4:33  Probe (Chrono Boost)  
  49  4:41  Probe (Chrono Boost)  
  49  4:43  Gateway  
  49  4:44  Gateway  
  49  4:45  Probe (Chrono Boost)  
  52  4:53  Probe (Chrono Boost)  
  52  4:57  Probe (Chrono Boost), Nexus  
  53  5:00  Assimilator  
  53  5:05  Probe (Chrono Boost)  
  53  5:06  Assimilator  
  54  5:09  Probe (Chrono Boost)  
  55  5:20  Probe (Chrono Boost)  
  57  5:21  Probe (Chrono Boost)  
  57  5:32  Probe (Chrono Boost)  
  57  5:33  Probe (Chrono Boost)  
  60  5:44  Probe (Chrono Boost)  
  60  5:46  Probe (Chrono Boost)  
  60  5:47  Twilight Council  
  60  5:48  Pylon  
  61  5:56  Probe (Chrono Boost)  
  62  6:08  Probe x2 (Chrono Boost), Pylon  
  62  6:10  Pylon  
  62  6:11  Probe (Chrono Boost)  
  65  6:13  Pylon  
  65  6:20  Probe x2 (Chrono Boost)  
  65  6:21  Probe (Chrono Boost)  
  68  6:32  Probe x3 (Chrono Boost)  
  71  6:40  Forge  
  71  6:41  Forge  
  71  6:43  Forge, Probe (Chrono Boost)  
  71  6:45  Probe x2 (Chrono Boost)  
  74  6:48  Cybernetics Core  
  74  6:52  Pylon  
  74  6:53  Probe (Chrono Boost)  
  75  6:57  Probe (Chrono Boost)  
  75  6:58  Probe (Chrono Boost)  
  77  7:02  Fleet Beacon  
  77  7:04  Probe (Chrono Boost)  
  78  7:14  Pylon x2  
  78  7:16  Pylon  
  78  7:17  Pylon  
  78  7:26  Protoss Air Armor Level 1, Protoss Air Weapons Level 1  
  78  7:27  Protoss Shields Level 1, Protoss Ground Weapons Level 1, Protoss Ground Armor Level 1  
  78  7:37  Pylon  
  78  7:39  Pylon  
  78  7:40  Pylon  
  78  7:41  Pylon  
  78  7:43  Pylon  
  78  7:44  Pylon  
  78  7:51  Gateway  
  78  7:52  Gateway  
  78  7:59  Gateway x2  
  78  8:04  Robotics Facility x2  
  78  8:06  Dark Shrine  
  78  8:09  Robotics Facility  
  78  8:30  Gateway x2  
  78  8:32  Gateway  
  78  8:34  Gateway  
  78  8:36  Gateway  
  78  8:57  Stargate x2  
  78  9:02  Stargate x2  
  78  9:05  Stargate  
  78  9:08  Stargate  
  78  9:09  Pylon  
  78  9:10  Pylon  
  78  9:38  Dark Templar x6  
  84  9:39  Dark Templar x5  
  84  9:40  Dark Templar  
  102  9:47  Observer  
  102  9:49  Observer  
  104  10:08  Stargate, Observer  
  104  10:10  Stargate, Observer  
  106  10:17  Stargate x2  
  106  10:19  Stargate  
  106  10:22  Stargate x2  
  106  10:25  Pylon  
  106  10:30  Observer  
  106  10:32  Observer  
  108  10:53  Observer  
  109  11:16  Protoss Air Weapons Level 2, Protoss Air Armor Level 2  
  109  11:18  Protoss Shields Level 2, Protoss Ground Armor Level 2  
  109  11:19  Protoss Ground Weapons Level 2  
  109  11:26  Carrier x2  
  109  11:38  Carrier x6  
  161  12:27  Dark Templar  
  161  12:28  Dark Templar x5  
  161  12:29  Dark Templar x3  
  177  12:36  Zealot  
  179  12:37  Zealot x2  
  183  13:18  Graviton Catapult  
  183  13:53  Carrier x2  
  195  14:15  Anion Pulse-Crystals  
  195  15:04  Pylon  
  195  15:05  Pylon  
  195  15:08  Pylon  
  195  15:10  Pylon  
  195  15:13  Pylon  
  195  15:15  Pylon  
  195  15:19  Pylon  
  195  15:21  Pylon  
  195  15:32  Pylon  
Tags
 
Add a new tag
Caveats
  • Supply blocks, unpowered buildings, or Contaminate may cause inaccurate times.
  • Supply counts are checked every 10 seconds.